 Dungeon Crawl Stone Soup version 0.24-a0-537-g2d01d4a (webtiles) character file.

Game seed: 4516468158807968117

57 Atlas the Grave Robber (level 3, 0/25 HPs)
             Began as a Mummy Necromancer on Aug 16, 2019.
             Slain by a hobgoblin (1 damage)
             ... led by Robin
             ... on level 1 of the Dungeon.
             The game lasted 00:01:42 (1971 turns).

Atlas the Grave Robber (Mummy Necromancer)          Turns: 1971, Time: 00:01:43

Health: 0/25       AC:  2    Str: 11    XL:     3   Next: 73%
Magic:  1/7        EV: 12    Int: 15    God:
Gold:   14         SH:  0    Dex: 12    Spells: 4/8 levels left

rFire    x . .     SeeInvis .   (no weapon)
rCold    + . .     Gourm    .   (no shield)
rNeg     + + +     Faith    .   a - +0 robe
rPois    ∞         Spirit   .   (no helmet)
rElec    .         Reflect  .   (no cloak)
rCorr    .         Harm     .   (no gloves)
MR       .....                  (no boots)
Stlth    ++........             (no amulet)
HPRegen  0.08/turn              (no ring)
MPRegen  0.10/turn              (no ring)

@: very slightly contaminated
A: no food or potions, fire vulnerability, cold resistance 1, negative energy
resistance 3, torment resistance, unbreathing
a: no special abilities


You were on level 1 of the Dungeon.
You were not hungry.

You visited 1 branch of the dungeon, and saw 2 of its levels.

You collected 14 gold pieces.

Inventory:

Armour
 a - a +0 robe (worn)
Scrolls
 b - 3 scrolls of remove curse {unknown}
 c - a scroll of identify {unknown}
 d - a scroll of noise {unknown}
 e - a scroll of amnesia {unknown}


   Skills:
 + Level 0.8 Fighting
 + Level 1.7 Dodging
 + Level 1.7 Stealth
 + Level 0.4 Unarmed Combat
 + Level 3.3 Spellcasting
 + Level 4.7 Necromancy


You had 4 spell levels left.
You knew the following spells:

 Your Spells              Type           Power        Failure   Level  Hunger
a - Pain                  Necr           ###.         2%          1    N/A
c - Vampiric Draining     Necr           ###.......   9%          3    N/A

Your spell library contained the following spells:

 Spells                   Type           Power        Failure   Level  Hunger
 Animate Skeleton         Necr           N/A          2%          1    N/A
 Animate Dead             Necr           N/A          26%         4    N/A
 Regeneration             Chrm/Necr      Unusable     N/A         3    N/A

Dungeon Overview and Level Annotations

Branches:
Dungeon (2/15)

Altars:

Annotations:
D:2 Robin


Innate Abilities, Weirdness & Mutations

You do not eat or drink.
Your flesh is vulnerable to fire.
You are immune to poison.
Your flesh is cold resistant. (rC+)
You are immune to negative energy. (rN+++)
You are immune to unholy pain and torment.
You can survive without breathing.


Message History

Aim: a hobgoblin, wielding a +0 club (unusually strong, chance to defeat MR: 87%)
The hobgoblin writhes in agony.
The hobgoblin hits you.
* * * LOW HITPOINT WARNING * * *
Casting: Pain (safe; 2% risk of failure)
Confirm with . or Enter, or press ? or * to list all spells.
Aiming: Pain (safe; 2% risk of failure)
Press: ? - help, Shift-Dir - straight line, f/p - hobgoblin
Aim: a hobgoblin, wielding a +0 club (moderately wounded, unusually strong, chance to defeat MR: 87%)
The hobgoblin writhes in agony!
You kill the hobgoblin!
The hobgoblin barely misses you.
Casting: Pain (safe; 2% risk of failure)
Confirm with . or Enter, or press ? or * to list all spells.
Aiming: Vampiric Draining (safe; 9% risk of failure)
Press: ? - help, Shift-Dir - straight line, f - hobgoblin
Aim: a hobgoblin (unusually strong)
You miscast Vampiric Draining.
You are very lightly contaminated with residual magic.
Your bandages flutter.
The hobgoblin hits you.
You die...

#.#.##.##.....##### #..#
#.................###..########
######.##.....###.#............
#.##.)...# #)..#.......###
#.####.#.###.####.####.#
#.####.#.....# #.# #.###
#......####### #.# #....
##.##.###########.# #####
#.##...)@g.......#
#.################ #.# #.#
#.######### ##########
#.........# #.........
#########.######.#######.
#........# #. ########## #.


You could see a hobgoblin.

Vanquished Creatures
  An ooze (D:1)
  3 dart slugs (D:1)
  A leopard gecko (D:1)
  3 bats (D:1)
  A giant cockroach (D:1)
  8 goblins (D:1)
  7 hobgoblins (D:1)
  6 jackals
  A ball python (D:1)
  2 kobolds (D:1)
  6 rats (D:1)
39 creatures vanquished.

Notes
Turn   | Place    | Note
-------+----------+-------------------------------------------
     0 | D:1      | Atlas the Mummy Necromancer began the quest for the Orb.
     0 | D:1      | Reached XP level 1. HP: 13/13 MP: 4/4
    83 | D:1      | Reached XP level 2. HP: 13/19 MP: 1/5
   397 | D:1      | HP: 1/20 [jackal (1)]
   751 | D:1      | Reached XP level 3. HP: 25/25 MP: 5/7
   756 | D:1      | Learned a level 3 spell: Vampiric Draining
  1765 | D:2      | Noticed Robin
  1969 | D:1      | HP: 1/25 [hobgoblin[Robin] (4)]
  1971 | D:1      | Slain by a hobgoblin

Levels and vault maps discovered:
D:1:      minmay_arrival_open_corners, layout_loops_ring
D:2:      layout_basic, serial_corexii_hall, corexii_hall_statues_i,
          corexii_hall_statues_i, uniq_crazy_yiuf_cottage, uniq_robin

Skill      XL: |  1  2 |
---------------+-------+-----
Spellcasting   | 3 |  3.3
Fighting       | |  0.8
Dodging        | |  1.7
Stealth        | |  1.7
Unarmed Combat | |  0.4
Necromancy     | |  4.7

Action                   || total
-------------------------++-------
Melee: Unarmed           ||    56
 Cast: Pain              ||    67
       Vampiric Draining ||     1
Armor: Robe              ||    12
Dodge: Dodged            ||    47

Table legend:
 A = Non-vault XP
 B = Vault XP
 C = Vault XP percentage of total XP
 D = Non-vault monster count
 E = Vault monster count
 F = Vault count percentage of total count
                 A         B        C        D         E       F
            +---------+---------+-------+---------+---------+-------
      Total |      72 |      10 |  12.2 |      34 |       5 |  12.8
            +---------+---------+-------+---------+---------+-------
        D:1 |      70 |      10 |  12.5 |      33 |       5 |  13.2
        D:2 |       2 |       0 |   0.0 |       1 |       0 |   0.0
            +---------+---------+-------+---------+---------+-------
